 Dungeon Crawl Stone Soup version 0.23.2 (webtiles) character file.

Game seed: 3913265811910610043

51 Lusmu the Grasshopper (level 3, 0/33 HPs)
             Began as a Naga Warper on Apr 1, 2019.
             Slain by a hobgoblin (4 damage)
             ... on level 2 of the Dungeon.
             The game lasted 00:05:27 (1564 turns).

Lusmu the Grasshopper (Naga Warper)                 Turns: 1564, Time: 00:05:28

Health: 0/33       AC:  2    Str: 13    XL:     3   Next: 81%
Magic:  6/6        EV:  9    Int: 13    God:
Gold:   37         SH:  0    Dex: 11    Spells: 4/6 levels left

rFire    . . .     SeeInvis +   a - +0 spear
rCold    . . .     Gourm    .   (no shield)
rNeg     . . .     Faith    .   b - +0 leather armour
rPois    +         Spirit   .   (no helmet)
rElec    .         Reflect  .   (no cloak)
rCorr    +         Harm     .   (no gloves)
MR       .....                  (no barding)
Stlth    ++........             i - amulet of magic regeneration
HPRegen  0.11/turn              h - ring of resist corrosion
MPRegen  0.35/turn              (no ring)

@: short of breath, hasted, quick
A: large, see invisible, deformed body, poison resistance, slowness 2, slow
metabolism 1, spit poison 1, AC +1
a: Spit Poison


You were on level 2 of the Dungeon.
You were not hungry.

You visited 1 branch of the dungeon, and saw 2 of its levels.

You collected 37 gold pieces.

Inventory:

Hand Weapons
 a - a +0 spear (weapon)
Missiles
 e - 5 tomahawks of dispersal (quivered)
Armour
 b - a +0 leather armour (worn)
Jewellery
 h - a ring of resist corrosion (left hand)
 i - an amulet of magic regeneration (around neck)
Scrolls
 c - a scroll of enchant armour {unknown}
 d - a scroll of blinking
 g - a scroll of immolation {unknown}
 k - a scroll of fear {unknown}
 l - a scroll of remove curse
 m - a scroll of teleportation {unknown}
Potions
 n - a potion of cancellation {unknown}
 o - a potion of curing {unknown}
 q - a potion of flight {unknown}
Comestibles
 f - 2 rations
 p - 2 chunks of flesh


   Skills:
 + Level 2.7 Fighting
 + Level 2.7 Polearms
 - Level 0.8 Throwing
 - Level 0.7 Armour
 - Level 1.5 Dodging
 + Level 2.7 Stealth
 - Level 2.0 Spellcasting
 + Level 3.1 Translocations


You had 4 spell levels left.
You knew the following spells:

 Your Spells              Type           Power        Failure   Level  Hunger
a - Blink                 Tloc           N/A          14%         2    ###....

Your spell library contained the following spells:

 Spells                   Type           Power        Failure   Level  Hunger
 Shroud of Golubria       Chrm/Tloc      #.........   26%         2    ###....
 Gell's Gravitas          Tloc           #.........   26%         3    ####...
 Lesser Beckoning         Tloc           #.........   26%         3    ####...
 Teleport Other           Tloc           #.......     26%         3    ####...
 Passage of Golubria      Tloc           N/A          65%         4    #####..


Dungeon Overview and Level Annotations

Branches:
Dungeon (2/15)

Altars:
Dithmenos


Innate Abilities, Weirdness & Mutations

You cannot wear boots.
Your serpentine skin is tough. (AC +1)
You have supernaturally acute eyesight. (SInv)
Armour fits poorly on your strangely shaped body.
Your system is resistant to poisons. (rPois)
You cover ground very slowly.
You have a slow metabolism.
You can spit poison.


Message History

* * * LOW HITPOINT WARNING * * *
Okay, then.
The hobgoblin barely misses you.
It was a potion of haste.
You feel yourself speed up. The hobgoblin hits you.
* * * LOW HITPOINT WARNING * * *
Press: ? - help, Shift-Dir - straight line, f/p - worm
Aim: a worm (severely wounded)
The splash of poison hits the worm.
The worm is poisoned.
The worm is almost dead.
You feel slightly more hungry.
You hit the hobgoblin.
The hobgoblin is moderately wounded.
You hit the hobgoblin but do no damage.
The hobgoblin is moderately wounded.
The hobgoblin hits you.
* * * LOW HITPOINT WARNING * * *
You hit the hobgoblin.
The hobgoblin is almost dead.
The hobgoblin hits you.
You die...

#... #... #.. #..
#.# #.# ######<###
#........#
#.g@..(..#
#######.w......#
#..............#
#..............#
#..............#
#................#
#..##......########
....##.....#
..._.#.....#


You could see a worm and a hobgoblin.

Vanquished Creatures
  2 oozes (D:1)
  A dart slug (D:1)
  4 leopard geckos (D:1)
  6 bats (D:1)
  A giant cockroach (D:1)
  6 goblins (D:1)
  4 hobgoblins (D:1)
  3 jackals (D:1)
  2 kobolds (D:1)
  3 frilled lizards (D:1)
  2 rats (D:1)
34 creatures vanquished.

Notes
Turn   | Place    | Note
-------+----------+-------------------------------------------
     0 | D:1      | Lusmu the Naga Warper began the quest for the Orb.
     0 | D:1      | Reached XP level 1. HP: 19/19 MP: 3/3
   187 | D:1      | Reached skill level 1 in Stealth
   187 | D:1      | Reached XP level 2. HP: 7/26 MP: 5/5
   547 | D:1      | Reached XP level 3. HP: 18/33 MP: 6/6
   858 | D:1      | Learned a level 2 spell: Blink
  1537 | D:2      | Found a shadowy altar of Dithmenos.
  1564 | D:2      | Slain by a hobgoblin

Skill      XL: |  1  2 |
---------------+-------+-----
Stealth        | 1 2 |  2.7
Fighting       | |  2.7
Polearms       | |  2.7
Throwing       | |  0.8
Armour         | |  0.7
Dodging        | |  1.5
Spellcasting   | |  2.0
Translocations | |  3.1

Action                   || total
-------------------------++-------
Melee: Spear             ||   178
 Abil: Spit Poison       ||     4
  Use: Scroll            ||     1
       Potion            ||     1
 Stab: Sleeping          ||     1
  Eat: Chunk             ||     1
Armor: Leather armour    ||    60
Dodge: Dodged            ||   103
